AoeStats
← TD

Golden Pit

510056226Analyzed
1v1 RM · 1d ago on Sep 29, 2026· 31m 7s· 2 players
Game mode
Random Map
Map size
Tiny (2 player)
Population
200
Speed
Normal
Resources
Standard
Victory
Conquest
Starting age
Dark Age
Ending age
Imperial Age
RankedLock teamsTeams togetherTeam positionsShared explorationLock speedFull tech treeHidden civsTurbo modeCheats
Victory
Defeat
🇹🇼 Franks · Taiwan
997
+36
🇯🇵 Huns · Japan
1014
-17
TD
10:44 Feudal Age
12:49 Loom
15:54 Castle Age
14:54 Double-Bit Axe
17:24 Scale Barding Armor
17:50 Husbandry
28:05 Wheelbarrow
29:09 Squires
29:56 Gold Mining
TangentRain77
8:42 Loom
10:16 Loom
13:20 Feudal Age
16:56 Castle Age
21:36 Murder Holes
23:52 Forging
24:07 Pikeman
Connection lost

Rejoining the realm…

Still unreachable

The connection could not be restored.

Session expired

The server has moved on; the page needs a fresh start.